 Dungeon Crawl Stone Soup version 0.29.1-1-gd02db6906a (webtiles) character file.

Game seed: 9199516969886523180

14200 RogueRain17 the Grappler (level 11, -4/75 HPs)
             Began as a Demonspawn Gladiator on Sept 18, 2022.
             Was a Believer of Kikubaaqudgha.
             Slain by a minotaur
             ... wielding a staff of conjuration
              (12 damage)
             ... in a Gauntlet.
             The game lasted 01:41:55 (16587 turns).

RogueRain17 the Grappler (Demonspawn Gladiator)    Turns: 16587, Time: 01:41:57

Health: -4/75      AC:  6    Str: 21    XL:     11   Next: 85%
Magic:  0/20       EV: 16    Int: 10    God:    Kikubaaqudgha [**....]
Gold:   714        SH:  0    Dex: 14    Spells: 10/10 levels left

rFire   . . .      SeeInvis .   G - +2 dagger (elec)
rCold   . . .      Faith    .   (no shield)
rNeg    + . .      Spirit   +   p - +1 leather armour {rN+}
rPois   +          Reflect  .   M - +0 hat of a Labyrinth {Str+2}
rElec   .          Harm     .   (no cloak)
rCorr   .          Rampage  .   (gloves unavailable)
Will    .....      NoTele   +   (no boots)
Stlth   +++.......              E - amulet of guardian spirit
HPRegen 0.22/turn               n - ring of poison resistance
MPRegen 0.34/turn               O - ring of magical power

@: mighty, hasted, very quick
A: rugged brown scales 2, powered by pain 1, magic regeneration, demonic touch 3
a: Renounce Religion, Unearth Wretches


You were in a Gauntlet.
You worshipped Kikubaaqudgha.
Kikubaaqudgha was pleased with you.
You visited 3 branches of the dungeon, and saw 13 of its levels.
You also visited: Trove, Sewer, Gauntlet and Volcano.

You collected 714 gold pieces.

Inventory:

Hand Weapons
 v - a +2 dagger of venom
 w - a +3 dagger of protection
 D - a +0 demon blade
 G - a +2 dagger of electrocution (weapon)
Missiles
 d - 4 javelins
 z - 2 boomerangs
 A - a throwing net (quivered)
Armour
 b - a +0 helmet
 p - a +1 leather armour of positive energy (worn)
 M - the +0 hat of a Labyrinth (worn) {Str+2}
   (You found it in a Gauntlet)

   Str:       It affects your strength (+2).
Jewellery
 a - a ring of see invisible
 n - a ring of poison resistance (left hand)
 u - a ring of fire
 E - an amulet of guardian spirit (around neck)
 O - a ring of magical power (right hand)
Wands
 h - a wand of flame (31)
 x - a wand of polymorph (4)
 C - a wand of roots (18)
 J - a wand of mindburst (8)
 K - a wand of acid (3)
Scrolls
 f - 17 scrolls of teleportation
 k - 2 scrolls of blinking
 r - 4 scrolls of poison
 t - 6 scrolls of enchant weapon
 y - a scroll of fog
 B - a scroll of amnesia
 F - a scroll of enchant armour
 H - a scroll of torment {unknown}
 I - 3 scrolls of immolation
 L - 2 scrolls of magic mapping
 N - a scroll of vulnerability {unknown}
Potions
 e - a potion of berserk rage {unknown}
 g - 2 potions of might
 j - 2 potions of degeneration {unknown}
 l - 5 potions of mutation
 m - a potion of invisibility {unknown}
 o - 3 potions of flight {unknown}
 q - 6 potions of curing
 s - a potion of magic {unknown}


   Skills:
 - Level 2.0 Fighting
 * Level 9.3 Short Blades
 - Level 1.7 Throwing
 - Level 1.1 Armour
 - Level 10.0 Dodging
 + Level 7.0 Stealth
 - Level 10.0 Unarmed Combat
 + Level 2.5 Evocations


You had 10 spell levels left.
You didn't know any spells.
Your spell library contained the following spells:

 Spells                   Type           Power      Damage    Failure   Level
 Magic Dart               Conj           0%         1d3       41%         1
 Necrotise                Necr           0%         1d4       41%         1
 Sandblast                Erth           0%         2d4       41%         1
 Summon Small Mammal      Summ           0%         N/A       41%         1
 Call Imp                 Summ           0%         N/A       54%         2
 Passwall                 Tmut/Erth      0%         N/A       54%         2
 Sublimation of Blood     Necr           0%         N/A       54%         2
 Call Canine Familiar     Summ           0%         N/A       78%         3
 Gell's Gravitas          Tloc           0%         N/A       78%         3
 Lesser Beckoning         Tloc           0%         N/A       78%         3
 Mephitic Cloud           Conj/Pois/Air  0%         N/A       78%         3
 Ozocubu's Armour         Ice            0%         N/A       78%         3
 Stone Arrow              Conj/Erth      0%         3d7       78%         3
 Summon Guardian Golem    Hex/Summ       0%         N/A       78%         3
 Teleport Other           Tloc           0%         N/A       78%         3
 Vampiric Draining        Necr           0%         2d6       78%         3
 Animate Dead             Necr           0%         N/A       99%         4
 Ozocubu's Refrigeration  Ice            0%         4d7       100%        7


Dungeon Overview and Level Annotations

Branches:
Dungeon (11/15)            Temple (1/1) D:5            Lair (1/5) D:10
    Orc (0/2) D:9           Sewer (visited)         Volcano (visited)
Gauntlet (1/1)

Altars:
Ashenzari
Cheibriados
Dithmenos
Fedhas
Gozag
Hepliaklqana
Kikubaaqudgha
Makhleb
Nemelex Xobeh
Okawaru
Qazlal
Ru
Sif Muna
Trog
Uskayaw
Vehumet
Wu Jian
Xom
Yredelemnul

Shops:
D:8 *

Annotations:
D:8 exclusion: hydra
D:10 exclusion: 3 doors Gauntlet 5 transporters, 1 runed translucent door


Innate Abilities, Weirdness & Mutations

You are mostly covered in rugged brown scales. (AC +2, +5% HP)
You sometimes gain a little power by taking damage.
You regenerate magic rapidly.
Your touch may irresistibly damage your foes and sap their willpower.


Message History

Press: ? - help, Shift-Dir - straight line, f/p - minotaur
Aim: a minotaur, wielding the +6 sling "Embalmer" {speed, rElec rF- rCorr}, wearing a +0 plate armour and quivering silver javelins (lightly wounded, 86% to hit)
The puff of flame hits the minotaur!
The minotaur is burned terribly!
The minotaur is moderately wounded.
The minotaur shoots a sling bullet.
The sling bullet hits you!!
You focus on the pain.
You feel your power returning.
The minotaur shoots a sling bullet.
The sling bullet hits you!!!
* * * LOW HITPOINT WARNING * * *
You focus on the pain.
You feel your power returning.
You close the door.
You feel much better.
You feel better.
It was a potion of haste.
You feel yourself speed up.
Something unseen opens the door.
You hit the minotaur.
The minotaur is moderately wounded.
You hit the minotaur. Your touch misses the minotaur.
The minotaur is moderately wounded.
You hit the minotaur but do no damage.
You punch the minotaur, but do no damage.
The minotaur is moderately wounded.
The minotaur unwields the +6 sling "Embalmer" {speed, rElec rF- rCorr}.
The minotaur wields a staff of conjuration.
The minotaur hits you with a staff of conjuration!!
* * * LOW HITPOINT WARNING * * *
The minotaur completely misses you.
You hit the minotaur but do no damage.
The minotaur is moderately wounded.
You barely miss the minotaur. Your punch misses the minotaur.
The minotaur is moderately wounded.
You barely miss the minotaur.
You touch the minotaur!
You sap its willpower!
The minotaur is heavily wounded.
You barely miss the minotaur.
The minotaur furiously retaliates!
The minotaur headbutts you!
* * * LOW HITPOINT WARNING * * *
Your touch misses the minotaur. Your punch misses the minotaur.
The minotaur is heavily wounded.
The minotaur hits you with a staff of conjuration!
You die...
Kikubaaqudgha rasps: "You have failed me!
Welcome... death!"

##≈...............≈#
#≈≈..8©8©8©8©8©8..≈≈#
##≈...............≈##
#####.###.###.#####
###.###.###.#
#............
#.###.###.##
#.###.###.###.
#.....@.......
#######H###### ...
.### .. ∩≈ ≈≈≈ ###


You could see a minotaur (weak-willed).

Vanquished Creatures
  A dire elephant (Gauntlet)
  3 two-headed ogres
  A ghost crab (Gauntlet)
  A wizard (Gauntlet)
  An oklob plant (D:10)
  Maurice (D:10)
  An elephant (Gauntlet)
  Joseph (D:8)
  3 cane toads (Lair:1)
  Psyche (D:8)
  2 hornets
  A raiju (Gauntlet)
  13 yaks
  Sigmund (D:5)
  A wraith (D:9)
  Eustachio (D:4)
  A steam dragon (Gauntlet)
  Grum (D:10)
  An acid dragon (D:9)
  4 water moccasins
  2 ice beasts
  2 black bears
  An ogre (D:6)
  7 wolves
  The ghost of groovy9 the Shooter, an amateur FoHu (D:3)
  2 centaurs
  3 phantoms
  6 bullfrogs
  A kobold brigand (D:9)
  A necrophage (D:6)
  6 scorpions
  16 wights
  11 killer bees
  2 howler monkeys (D:9)
  4 jellies
  2 orc priests
  4 hounds
  4 iguanas
  4 orc wizards
  14 adders
  2 river rats (D:6)
  3 white imps
  An ufetubus (D:4)
  A worm (D:3)
  20 orcs
  8 bats
  13 endoplasms
  9 giant cockroaches
  8 goblins
  12 hobgoblins
  6 jackals
  21 quokkas
  17 ball pythons
  12 frilled lizards
  17 kobolds
  11 rats
294 creatures vanquished.

Vanquished Creatures (others)
  2 fungi (Lair:1)
  11 plants
13 creatures vanquished.

Grand Total: 307 creatures vanquished

Notes
Turn   | Place    | Note
-------+----------+-------------------------------------------
     0 | D:1      | RogueRain17 the Demonspawn Gladiator began the quest for
                  | the Orb.
     0 | D:1      | Reached XP level 1. HP: 16/16 MP: 1/1
   327 | D:1      | Gained mutation: Your touch may inflict minor irresistible
                  | damage on your foes. [demonic ancestry]
   327 | D:1      | Reached XP level 2. HP: 22/22 MP: 2/2
   994 | D:2      | Gained mutation: Your touch may inflict irresistible damage
                  | on your foes. [demonic ancestry]
   994 | D:2      | Reached XP level 3. HP: 24/27 MP: 3/3
  1141 | D:2      | Reached skill level 1 in Armour
  1997 | D:3      | Found a runed translucent gate.
  1997 | D:3      | Found a runed translucent gate.
  1997 | D:3      | Found a runed translucent gate.
  2015 | D:3      | Noticed groovy9's ghost (amateur FoHu)
  2016 | D:3      | Noticed an ice beast
  2049 | D:3      | Gained mutation: You are partially covered in rugged brown
                  | scales. (AC +1, +3% HP) [demonic ancestry]
  2049 | D:3      | Reached XP level 4. HP: 27/33 MP: 4/4
  2403 | D:3      | Gained mutation: You are mostly covered in rugged brown
                  | scales. (AC +2, +5% HP) [demonic ancestry]
  2403 | D:3      | Reached XP level 5. HP: 33/39 MP: 5/5
  2870 | D:4      | Noticed a phantom
  2881 | D:4      | Killed a phantom
  2882 | D:4      | Reached skill level 5 in Unarmed Combat
  2882 | D:4      | Reached XP level 6. HP: 36/46 MP: 6/6
  3025 | D:4      | Noticed Eustachio
  3759 | D:5      | Entered Level 5 of the Dungeon
  3759 | D:5      | Noticed Duvessa
  3759 | D:5      | Noticed Dowan
  3922 | D:5      | Reached XP level 7. HP: 41/52 MP: 7/7
  4037 | D:5      | Noticed Sigmund
  4189 | D:6      | Reached skill level 5 in Dodging
  4312 | D:6      | Found a glowing drain.
  4332 | Sewer    | Entered a sewer
  4812 | Sewer    | Reached XP level 8. HP: 43/58 MP: 8/8
  5998 | D:7      | Found an ancient bone altar of Kikubaaqudgha.
  6214 | D:7      | Gained mutation: You regenerate magic rapidly. [demonic
                  | ancestry]
  6214 | D:7      | Reached XP level 9. HP: 62/64 MP: 9/9
  6460 | D:7      | Found an iron altar of Okawaru.
  6461 | D:7      | Found a sparkling altar of Nemelex Xobeh.
  6548 | D:7      | Found a shimmering blue altar of Sif Muna.
  7003 | D:8      | Noticed Joseph
  7036 | D:8      | Found Liuckyne's Assorted Antiques.
  7406 | D:8      | Paralysed by a hornet for 2 turns
  7613 | D:8      | Reached skill level 10 in Unarmed Combat
  7674 | D:8      | Killed Joseph
  7778 | D:8      | Noticed a moth of wrath
  7780 | D:8      | Found a bloodstained altar of Trog.
  8089 | D:8      | Noticed Psyche
  8101 | D:8      | Killed Psyche
  8221 | D:5      | Killed Sigmund
  8578 | D:8      | Reached skill level 1 in Short Blades
  8587 | D:8      | Gained mutation: Your touch may irresistibly damage your
                  | foes and sap their willpower. [demonic ancestry]
  8587 | D:8      | Reached XP level 10. HP: 58/70 MP: 10/10
  8683 | D:8      | Noticed a five-headed hydra
  8785 | D:8      | Reached skill level 1 in Stealth
  9302 | D:7      | Became a worshipper of Kikubaaqudgha
 10394 | D:9      | Found a staircase to the Orcish Mines.
 10530 | D:9      | Noticed a two-headed ogre
 10937 | D:10     | Entered Level 10 of the Dungeon
 11088 | D:10     | Noticed Grum
 11112 | D:10     | Found a staircase to the Lair.
 11112 | D:10     | Noticed an oklob plant
 11112 | D:10     | Killed Grum
 11141 | D:10     | Reached * piety under Kikubaaqudgha
 11141 | D:10     | Received a gift from Kikubaaqudgha
 11442 | D:10     | Noticed a two-headed ogre
 11453 | D:10     | Killed a two-headed ogre
 11454 | D:10     | Reached skill level 5 in Short Blades
 11454 | D:10     | Reached skill level 10 in Dodging
 11549 | D:10     | Noticed a two-headed ogre
 11618 | D:10     | Noticed Maurice
 11625 | D:10     | Killed Maurice
 11626 | D:10     | Found a portal to a secret trove of treasure.
 11708 | D:10     | Gained mutation: You sometimes gain a little power by
                  | taking damage. [demonic ancestry]
 11708 | D:10     | Reached XP level 11. HP: 37/75 MP: 11/11
 12561 | D:10     | Killed an oklob plant
 12562 | D:10     | Reached skill level 5 in Stealth
 12633 | D:10     | Killed a two-headed ogre
 13368 | D:5      | Noticed Dowan
 13368 | D:5      | Dowan changed into Dowan the hobgoblin
 13373 | D:5      | Killed Dowan the hobgoblin
 13390 | D:5      | Noticed Duvessa
 13390 | D:5      | Duvessa changed into Duvessa the quokka
 13394 | D:5      | Killed Duvessa the quokka
 13648 | D:5      | Found a burning altar of Makhleb.
 13677 | D:5      | Found a sacrificial altar of Ru.
 13822 | D:5      | Found a staircase to the Ecumenical Temple.
 13846 | Temple   | Entered the Ecumenical Temple
 14478 | D:4      | Killed Eustachio
 14658 | D:3      | Killed groovy9's ghost
 14920 | D:9      | Killed a two-headed ogre
 15055 | Lair:1   | Entered Level 1 of the Lair of Beasts
 15082 | Lair:1   | Reached ** piety under Kikubaaqudgha
 15122 | Lair:1   | Found a dark tunnel.
 15141 | Volcano  | Entered a volcano
 15279 | Volcano  | Noticed a hell hog
 15556 | Lair:1   | Identified 2 scrolls of acquirement
 15624 | D:10     | You paid a toll of 2 scrolls of acquirement to enter a
                  | treasure trove
 15625 | Trove    | Entered a treasure trove
 15712 | D:11     | Found a gate leading to a gauntlet.
 15735 | Gauntlet | Entered a Gauntlet
 15735 | Gauntlet | Found a transporter.
 15744 | Gauntlet | Found a transporter.
 15747 | Gauntlet | Found a transporter.
 15748 | Gauntlet | Found a transporter.
 15756 | Gauntlet | Noticed a wizard
 15757 | Gauntlet | Found a transporter.
 15759 | Gauntlet | Found a transporter.
 15760 | Gauntlet | Found a transporter.
 15764 | Gauntlet | Found a runed translucent door.
 15764 | Gauntlet | Noticed a dire elephant
 15768 | Gauntlet | Found a transporter.
 15771 | Gauntlet | Found a transporter.
 15772 | Gauntlet | Found a transporter.
 15778 | Gauntlet | Found a runed translucent gate.
 15780 | Gauntlet | Found a runed translucent gate.
 15780 | Gauntlet | Found a transporter.
 15782 | Gauntlet | Found a runed translucent gate.
 15783 | Gauntlet | Found a transporter.
 15784 | Gauntlet | Found a transporter.
 15786 | Gauntlet | Noticed a hell beast
 15786 | Gauntlet | Noticed a ghost crab
 15792 | Gauntlet | Found a transporter.
 15832 | Gauntlet | Found a runed translucent door.
 16065 | Gauntlet | Killed a wizard
 16066 | Gauntlet | Reached skill level 1 in Evocations
 16239 | Gauntlet | Identified the +0 hat of a Labyrinth {Str+2}
 16252 | Gauntlet | Killed a dire elephant
 16509 | Gauntlet | Killed a ghost crab
 16572 | Gauntlet | Identified the +6 sling "Embalmer" {speed, rElec rF- rCorr}
 16572 | Gauntlet | Noticed a minotaur
 16587 | Gauntlet | Slain by a minotaur

Illustrated notes

Levels and vault maps discovered:
D:1:      dpeg_arrival_triangle_fractal, layout_basic
D:2:      minmay_kobold_bridge, layout_loops_cross, grunt_ministairs_4,
          minmay_increasing_density
D:3:      layout_basic, gammafunk_ghost_split, dk_noncrumbling_4,
          grunt_decor_resistance
D:4:      layout_basic, uniq_eustachio
D:5:      layout_layer_cave, mainiacjoe_overflow_catwalk_spiral,
          minmay_temple_entry_trees, uniq_duvessa, uniq_sigmund
D:6:      layout_loops_ring, portal_sewer_entry_c, minmay_crossroads
D:7:      layout_basic, mainiacjoe_overflow_big_doors,
          amethyst_overflow_temple_binary
D:8:      nicolae_cairo_tiling_large, layout_rooms, tgw_trog, serial_shops,
          nicolae_shop_competitors_out_of_business, uniq_joseph, uniq_psyche
D:9:      layout_small_grid, orc_0_dummy
D:10:     layout_roguey, dpeg_oklobed_lair, nicolae_trove_entry_columns,
          uniq_grum, uniq_maurice
D:11:     layout_loops_corners, gauntlet_entry_generic,
          portal_ice_cave_entry_pillars_2
Temple:   nicolae_temple_bog_church
Lair:1:   layout_gridlike, basic_altar, nicolae_volcano_entry_two_sided,
          chequers_serial_rivers_micro_d, kennysheep_rathole
Gauntlet: gammafunk_gauntlet_77_escape_option
          [minmay_gauntlet_arena_77_block_sizes, minmay_gauntlet_arena_77_mess,
          minmay_gauntlet_arena_77_shame_cube,
          minmay_gauntlet_arena_77_run_for_it,
          minmay_gauntlet_arena_77_hold_the_fort, gauntlet_exit_watery]

Skill      XL: |  1  2  3  4  5  6  7  8  9 10 11 |
---------------+----------------------------------+-----
Dodging        | 3 4 5 6 9 10 | 10.0
Unarmed Combat | 3 4 5 6 7 9 10 | 10.0
Armour         | 1 |  1.1
Short Blades   | 1 6 9 |  9.3
Stealth        | 4 7 |  7.0
Evocations     | 2 |  2.5
Fighting       | |  2.0
Throwing       | |  1.7

Action                   |  1- 3 |  4- 6 |  7- 9 | 10-12 || total
-------------------------+-------+-------+-------+-------++-------
Melee: Unarmed           |   132 |   139 |   318 |    83 ||   672
       Punch             |     4 |     5 |    16 |    34 ||    59
       Touch             |    19 |    20 |    63 |    76 ||   178
       Dagger            |       |       |    14 |   328 ||   342
       Demon blade       |       |       |       |    19 ||    19
Throw: Throwing net      |       |       |     2 |     4 ||     6
       Boomerang         |       |       |       |    23 ||    23
       Javelin           |       |       |       |     1 ||     1
Evoke: Wand              |       |       |       |    24 ||    24
  Use: Potion            |       |     2 |     2 |    10 ||    14
       Scroll            |       |       |     9 |    16 ||    25
 Stab: Sleeping          |       |     1 |       |     7 ||     8
       Invisible         |       |       |     1 |       ||     1
       Held in net/web   |       |       |     1 |       ||     1
Armor: Leather armour    |    29 |    42 |    64 |    82 ||   217
       Skin              |       |     8 |     9 |    14 ||    31
Dodge: Dodged            |    63 |    68 |   176 |   287 ||   594
